 Dungeon Crawl Stone Soup version 0.29.1-2-gbd0b4ee654 (webtiles) character file.

Game seed: 13681106675096852418

382 zeram the Cudgeller (level 6, -1/38 HPs)
             Began as a Gargoyle Fighter on Nov 21, 2022.
             Slain by an ogre
             ... wielding a +0 giant spiked club
              (14 damage)
             ... on level 5 of the Dungeon.
             The game lasted 00:04:43 (4114 turns).

zeram the Cudgeller (Gargoyle Fighter)              Turns: 4114, Time: 00:04:44

Health: -1/38      AC: 12    Str: 22    XL:     6   Next: 76%
Magic:  6/6        EV:  9    Int:  8    God:
Gold:   255        SH:  9    Dex:  9    Spells: 5/5 levels left

rFire   . . .      SeeInvis .   a - +0 flail
rCold   . . .      Faith    .   c - +0 buckler
rNeg    + + .      Spirit   .   b - +0 scale mail
rPois   ∞          Reflect  +   n - +0 helmet
rElec   +          Harm     .   (no cloak)
rCorr   .          Rampage  .   (no gloves)
Will    .....                   (no boots)
Stlth   +.........              f - amulet of reflection
HPRegen 0.12/turn               m - ring "Biesk" {rPois rN+ Stlth+}
MPRegen 0.10/turn               (no ring)

@: no status effects
A: sickness immunity, AC +4, negative energy resistance 1, electricity
resistance, torment resistance 1, petrification resistance
a: no special abilities


You were on level 5 of the Dungeon.
You visited 2 branches of the dungeon, and saw 6 of its levels.

You collected 255 gold pieces.

Inventory:

Hand Weapons
 a - a +0 flail (weapon)
 g - a +1 dagger of venom
Armour
 b - a +0 scale mail (worn)
 c - a +0 buckler (worn)
 n - a +0 helmet (worn)
Jewellery
 f - an amulet of reflection (around neck)
 m - the ring "Biesk" (left hand) {rPois rN+ Stlth+}
   (You found it on level 3 of the Dungeon)

   [ring of poison resistance]

   rPois:     It protects you from poison.
   rN:        It protects you from negative energy.
   Stlth:     It makes you more stealthy.
Wands
 q - a wand of mindburst (14)
Scrolls
 d - 2 scrolls of noise {unknown}
 i - a scroll of teleportation {unknown}
 l - 2 scrolls of poison
 r - a scroll of enchant weapon {unknown}
 s - a scroll of acquirement {unknown}
Potions
 e - 3 potions of curing
 h - 4 potions of magic {unknown}
 j - a potion of heal wounds {unknown}
 k - 2 potions of invisibility {unknown}
 o - a potion of degeneration {unknown}
 p - a potion of haste {unknown}


   Skills:
 + Level 4.0 Fighting
 + Level 4.8 Maces & Flails
 + Level 4.6 Armour
 + Level 1.0 Dodging
 + Level 4.6 Shields


You had 5 spell levels left.
You didn't know any spells.
Your spell library contained the following spells:

 Spells                   Type           Power      Damage    Failure   Level
 Gell's Gravitas          Tloc           0%         N/A       99%         3
 Lesser Beckoning         Tloc           0%         N/A       99%         3
 Teleport Other           Tloc           0%         N/A       99%         3


Dungeon Overview and Level Annotations

Branches:
Dungeon (5/15)             Temple (1/1) D:5

Altars:
Ashenzari
Cheibriados
Kikubaaqudgha
Makhleb
Nemelex Xobeh
Okawaru
Sif Muna
Trog
Vehumet
Wu Jian
Xom
Zin


Innate Abilities, Weirdness & Mutations

You are immune to sickness and miasma.
Your stone body is resilient. (AC +4)
You are immune to poison.
You resist negative energy. (rN+)
You are resistant to electric shocks. (rElec)
You are resistant to unholy torment.
You are immune to petrification.


Message History

The orc is severely wounded.
The hound bites you but does no damage. The orc hits you but does no damage.
The hound barely misses you. You block the orc's attack.
You sock the orc!
You kill the orc!
You block the hound's attack. x2
You miss the hound.
The hound is almost dead.
The hound bites you but does no damage. The hound barely misses you.
You closely miss the hound.
The hound is almost dead.
The hound barely misses you. You block the hound's attack.
You closely miss the hound.
The hound is almost dead.
The hound bites you but does no damage. You block the hound's attack.
You sock the hound!
You kill the hound!
You see here a hound corpse.
An ogre comes into view. It is wielding a +0 giant spiked club.
An ogre is nearby!
An ogre is nearby!
An ogre is nearby!
An ogre is nearby!
The ogre shouts!
You barely miss the ogre. The ogre closely misses you.
You hit the ogre but do no damage.
The ogre hits you with a +0 giant spiked club!
You sock the ogre!
The ogre is heavily wounded.
You sock the ogre!
The ogre is severely wounded.
You block the ogre's attack.
Okay, then.
You sock the ogre!
The ogre is almost dead.
The ogre hits you with a +0 giant spiked club!
You barely miss the ogre.
The ogre is almost dead.
The ogre hits you with a +0 giant spiked club!
You die...

.... #...# .#.##...#
.......# ..#...# ##
####.....#
#⌠.##+##†⌠......#
#.......).#.....#####
##.......####....>..##
#....@..#...#........
+..._O..+...#......##
#.......#..........#
#........####......#
#.........#.........#
#⌠.#.+##.⌠#.........#
####. ####....######
.. #.......# #
#.......# #


You could see an ogre.

Vanquished Creatures
  An ogre (D:4)
  2 hounds (D:5)
  2 iguanas (D:5)
  7 gnolls
  5 adders
  A worm (D:3)
  3 dart slugs
  3 orcs
  6 ball pythons
  2 bats
  9 endoplasms
  3 giant cockroaches (D:1)
  3 goblins
  8 hobgoblins
  5 kobolds
  A quokka (D:5)
  2 frilled lizards
  3 rats
66 creatures vanquished.

Notes
Turn   | Place    | Note
-------+----------+-------------------------------------------
     0 | D:1      | zeram the Gargoyle Fighter began the quest for the Orb.
     0 | D:1      | Reached XP level 1. HP: 14/14 MP: 1/1
   286 | D:1      | Reached XP level 2. HP: 19/19 MP: 2/2
   875 | D:2      | Reached XP level 3. HP: 23/23 MP: 3/3
  1406 | D:2      | Reached XP level 4. HP: 22/28 MP: 4/4
  1814 | D:3      | Reached XP level 5. HP: 24/33 MP: 5/5
  2315 | D:3      | Identified the ring "Biesk" {rPois rN+ Stlth+}
  2932 | D:3      | Found a sparkling altar of Nemelex Xobeh.
  3348 | D:4      | Noticed an ogre
  3356 | D:4      | Killed an ogre
  3357 | D:4      | Reached XP level 6. HP: 4/38 MP: 6/6
  3726 | D:5      | Entered Level 5 of the Dungeon
  3726 | D:5      | Found a staircase to the Ecumenical Temple.
  3730 | D:5      | Reached skill level 1 in Dodging
  3835 | Temple   | Entered the Ecumenical Temple
  4008 | D:5      | Found a broken altar of Ashenzari.
  4114 | D:5      | Slain by an ogre

Illustrated notes

Levels and vault maps discovered:
D:1:      dpeg_arrival_simpleton_c, layout_rooms, minmay_surrounded
D:2:      layout_loops_ring, kennysheep_cross_bottleneck
D:3:      layout_basic, nemelex_diamond_rough_becter
D:4:      layout_layer_cave
D:5:      layout_basic, evilmike_ruin_ashenzari, tgw_fedhas,
          grunt_gozag_breadcrumbs, kennysheep_mini,
          minmay_temple_entry_crystal_x
Temple:   compressed_dpeg_circular_temple

Skill      XL: |  1  2  3  4  5  6 |
---------------+-------------------+-----
Maces & Flails | 3 4 |  4.8
Shields        | 4 |  4.6
Armour         | 4 |  4.6
Dodging        | 1 |  1.0
Fighting       | 4 |  4.0

Action                   |  1- 3 |  4- 6 || total
-------------------------+-------+-------++-------
Melee: Flail             |    87 |   138 ||   225
  Use: Scroll            |     2 |     4 ||     6
       Potion            |       |     2 ||     2
Armor: Scale mail        |    47 |    54 ||   101
Dodge: Dodged            |    39 |    56 ||    95
Block: Buckler           |    50 |    74 ||   124
       Reflection        |       |     1 ||     1
